General information
			
			
        
        - name: grudge3
 
        - type: Custom game
 
        - host: HUNNERT_PERCENT
 
        - saver: timg4strOK
 
        
map: LostTemple 
        - players: 3
 
        - length: 14:10
 
        - speed: Fast
 - version: 1.22 W3XP
 - replay type:  

 
» download(51 KB)
Players
        team 1 (loser) 
              
              
HUNNERT_PERCENT (
pink | 70 APM | 988 actions | 14:08)
              
 3 Archmage 
 2 Summon Water Elemental
 1 Brilliance Aura
 
                » actions 
                
                | Assign group hotkey | 20 |  | 
| Basic commands | 47 |  | 
| Build / train | 70 |  | 
| Enter build submenu | 38 |  | 
| Enter hero's abilities submenu | 3 |  | 
| Right click | 399 |  | 
| Select / deselect | 316 |  | 
| Select group hotkey | 34 |  | 
| Use ability | 61 |  | 
                988 total
 » units 
                
                | Peasant | 29 |  | 
| Footman | 16 |  | 
| Knight | 2 |  | 
                47 total
 » upgrades
                » buildings
                
                | Altar of Kings | 1 |  | 
| Farm | 11 |  | 
| Barracks | 2 |  | 
| Scout Tower | 8 |  | 
| Lumber Mill | 2 |  | 
| Town Hall | 1 |  | 
| Arcane Tower | 1 |  | 
| Guard Tower | 4 |  | 
| Keep | 1 |  | 
| Blacksmith | 1 |  | 
| Castle | 1 |  | 
| Arcane Vault | 1 |  | 
                34 total
 » build order
                00:05 Altar of Kings
00:14 Farm
00:21 Barracks
00:50 Farm
01:34 Farm
03:02 Scout Tower
03:29 Lumber Mill
03:39 Town Hall
03:42 Arcane Tower
04:23 Lumber Mill
05:13 Barracks
06:09 Scout Tower
06:52 Guard Tower
07:48 Keep
09:06 Blacksmith
09:35 Scout Tower
09:36 Scout Tower
09:44 Farm
10:03 Farm
10:03 Farm
10:16 Castle
10:51 Arcane Vault
10:57 Guard Tower
11:11 Scout Tower
11:12 Scout Tower
11:16 Scout Tower
11:19 Scout Tower
11:30 Farm
11:39 Farm
11:40 Farm
11:41 Farm
11:43 Farm
11:47 Guard Tower
12:13 Guard Tower
» items
                
                | Boots of Speed | 2 |  | 
| Potion of Healing | 2 |  | 
| Scroll of Regeneration | 1 |  | 
| Potion of Mana | 1 |  | 
| Staff of Sanctuary | 1 |  | 
                7 total
  
               team 2 (winner) 
              
              
timg4strOK (
gray | 134 APM | 1896 actions | 14:10)
              
 5 Archmage 
 3 Summon Water Elemental
 2 Brilliance Aura
 2 Mountain King 
 1 Storm Bolt
 1 Bash
 
                » actions 
                
                | Assign group hotkey | 28 |  | 
| Basic commands | 85 |  | 
| Build / train | 60 |  | 
| ESC pressed | 1 |  | 
| Enter build submenu | 26 |  | 
| Enter hero's abilities submenu | 7 |  | 
| Right click | 860 |  | 
| Select / deselect | 230 |  | 
| Select group hotkey | 523 |  | 
| Use ability | 76 |  | 
                1896 total
 » units 
                
                | Peasant | 21 |  | 
| Footman | 8 |  | 
| Rifleman | 7 |  | 
| Priest | 1 |  | 
| Spell Breaker | 1 |  | 
                38 total
 » upgrades
                
                | Defend | 1 |  | 
| Masonry | 2 |  | 
| Gunpowder | 1 |  | 
| Swords | 1 |  | 
| Long Rifles | 1 |  | 
| Priest Training | 1 |  | 
                7 total
 » buildings
                
                | Altar of Kings | 1 |  | 
| Barracks | 2 |  | 
| Farm | 10 |  | 
| Scout Tower | 5 |  | 
| Arcane Tower | 2 |  | 
| Lumber Mill | 1 |  | 
| Town Hall | 1 |  | 
| Guard Tower | 2 |  | 
| Blacksmith | 1 |  | 
| Arcane Vault | 1 |  | 
| Keep | 1 |  | 
| Arcane Sanctum | 2 |  | 
| Castle | 1 |  | 
                30 total
 » build order
                00:06 Altar of Kings
00:13 Barracks
00:25 Farm
00:48 Farm
01:33 Farm
02:03 Scout Tower
02:43 Farm
02:48 Arcane Tower
03:22 Lumber Mill
03:51 Farm
04:19 Scout Tower
04:27 Town Hall
04:35 Scout Tower
04:36 Scout Tower
04:38 Scout Tower
05:13 Guard Tower
06:18 Blacksmith
06:23 Guard Tower
07:06 Arcane Vault
07:08 Farm
07:13 Arcane Tower
08:17 Keep
08:22 Barracks
09:13 Farm
09:14 Farm
09:43 Farm
11:04 Arcane Sanctum
11:05 Arcane Sanctum
11:10 Castle
11:11 Farm
 
               observersBEAR_AND Chat log
          (00:41 / All) HUNNERT_PERCENT: gl
(00:45 / All) timg4strOK: dont suck
(01:00 / All) HUNNERT_PERCENT: I hear if i beat you i earn the right to play greedofthenoob
(01:07 / All) timg4strOK: ?
(01:09 / All) timg4strOK: you're turk
(01:10 / All) timg4strOK: stop dodging
(01:17 / All) HUNNERT_PERCENT: lol you got me
(01:20 / All) timg4strOK: also you wont ever beat me
(08:04 / All) HUNNERT_PERCENT: man
(08:07 / All) HUNNERT_PERCENT: my controls seriously
(14:04 / All) HUNNERT_PERCENT: anyway
(14:05 / All) HUNNERT_PERCENT: controls fucked
(14:06 / All) HUNNERT_PERCENT: etc